 Dungeon Crawl Stone Soup version 0.26.1-11-gd32895ea62 (webtiles) character file.

Game seed: 7956942601411748257

2262 ubername the Magician (level 9, -5/61 HPs)
             Began as a Barachi Fire Elementalist on July 17, 2021.
             Was an Initiate of Vehumet.
             Killed themself with a badly aimed fireball (19 damage)
             ... on level 6 of the Dungeon.
             The game lasted 00:22:34 (9854 turns).

ubername the Magician (Barachi Fire Elementalist)   Turns: 9854, Time: 00:22:36

Health: -5/61      AC:  6    Str:  9    XL:     9   Next: 38%
Magic:  11/21      EV: 13    Int: 19    God:    Vehumet [......]
Gold:   133        SH:  0    Dex: 13    Spells: 11/21 levels left

rFire    . . .     SeeInvis .   r - +0 whip (elec)
rCold    . . .     Faith    .   (no shield)
rNeg     . . .     Spirit   .   a - +1 robe
rPois    .         Reflect  .   (no helmet)
rElec    .         Harm     .   (no cloak)
rCorr    .         Rampage  .   (no gloves)
Will     .....                  j - +0 pair of boots
Stlth    ++........             (no amulet)
HPRegen  0.20/turn              q - ring of flight
MPRegen  0.17/turn              (no ring)

@: lethally poisoned (-5 -> -9), very slightly contaminated, slow
A: +LOS, swims, molten scales 1, high mp 1, slowness 1, wild magic 1, strong
legs 1
a: Hop, Renounce Religion, Evoke Flight


You were on level 6 of the Dungeon.
You worshipped Vehumet.
Vehumet was noncommittal.
You visited 2 branches of the dungeon, and saw 8 of its levels.

You collected 217 gold pieces.
You spent 84 gold pieces at shops.

Inventory:

Hand Weapons
 e - a +0 hunting sling
 g - a +3 vampiric spear
 m - a +0 dagger of electrocution
 r - a +0 whip of electrocution (weapon)
Missiles
 c - 54 sling bullets
 f - 4 boomerangs
 h - 33 poisoned darts (quivered)
 k - 2 silver boomerangs
 s - 8 atropa-tipped darts
Armour
 a - a +1 robe (worn)
 j - a +0 pair of boots (worn)
Jewellery
 q - a ring of flight (left hand)
 x - a +6 ring of strength {unknown}
Wands
 t - a wand of disintegration (9)
 u - a wand of enslavement (10)
Scrolls
 b - a scroll of magic mapping
 d - 3 scrolls of identify
 i - 4 scrolls of remove curse
 l - 4 scrolls of enchant weapon
 w - a scroll of fog {unknown}
Potions
 n - a potion of lignification
 o - a potion of magic
 p - a potion of brilliance


   Skills:
 + Level 2.3 Fighting
 + Level 1.7(2.1) Short Blades
 + Level 2.0(2.3) Long Blades
 + Level 1.7(2.6) Axes
 + Level 2.1(2.8) Maces & Flails
 + Level 1.5(2.2) Polearms
 + Level 1.7(2.6) Staves
 + Level 1.5(2.2) Slings
 + Level 1.5 Bows
 + Level 2.3 Crossbows
 + Level 2.2(2.5) Throwing
 + Level 2.5 Armour
 + Level 3.4 Dodging
 + Level 3.0 Stealth
 + Level 1.7 Shields
 + Level 1.7 Unarmed Combat
 * Level 6.8 Spellcasting
 * Level 5.7 Conjurations
 + Level 1.7 Hexes
 + Level 2.2 Summonings
 + Level 1.3 Necromancy
 + Level 1.7 Translocations
 + Level 1.7 Transmutations
 * Level 6.5 Fire Magic
 + Level 2.0 Ice Magic
 + Level 1.7 Air Magic
 + Level 1.5 Earth Magic
 + Level 1.7 Poison Magic
 + Level 1.3 Invocations
 + Level 1.7 Evocations


You had 11 spell levels left.
You knew the following spells:

 Your Spells              Type           Power        Failure   Level
a - Foxfire               Conj/Fire      100%         1%          1
b - Sticky Flame          Conj/Fire      38%          13%         4
c - Fireball              Conj/Fire      19%          30%         5

Your spell library contained the following spells:

 Spells                   Type           Power        Failure   Level
 Conjure Flame            Conj/Fire      38%          4%          3
 Inner Flame              Hex/Fire       29%          9%          3


Dungeon Overview and Level Annotations

Branches:
Dungeon (7/15)             Temple (1/1) D:5

Altars:
Cheibriados
Elyvilon
Hepliaklqana
Kikubaaqudgha
Nemelex Xobeh
Okawaru
Qazlal
Trog
Uskayaw
Vehumet
Xom
Yredelemnul
The Shining One

Shops:
D:6 *

Portals:
Abyss: D:4

Annotations:
D:4 2 transporters, SBUDELSKY's ghost, amateur HuFi


Innate Abilities, Weirdness & Mutations

You can be seen from farther away. (+LOS)
You can swim through water.
You cover ground slowly.
You can hop short distances.
You are partially covered in molten scales. (AC +2)
You have an increased reservoir of magic. (+10% MP)
Your spells are a little harder to cast, but a little more powerful.


Message History

Confirm with . or Enter, or press ? or * to list all spells.
Aiming: Sticky Flame (dangerous; 13% risk of failure)
Press: ? - help, Shift-Dir - straight line, f - killer bee
Aim: a killer bee (0% to evade)
Okay, then.
Unknown command.
Casting: Sticky Flame (dangerous; 13% risk of failure)
Confirm with . or Enter, or press ? or * to list all spells.
The spell is quite dangerous to cast (30% risk of failure)!
Continue anyway?
Aiming: Fireball (quite dangerous; 30% risk of failure)
Press: ? - help, Shift-Dir - straight line, f - killer bee
Aim: a killer bee That beam is likely to hit you.
Continue anyway?
The fireball explodes!
The fireball engulfs the killer bee!
The killer bee is heavily wounded.
The fireball engulfs the killer bee!!
You kill the killer bee!
Vehumet accepts your kill. The fireball engulfs you!!
You die...

#.#######....###..#.#.#.#... #.#
#..#................. #.#
##.#.y####.#.#.#.#... # #.#
#.##y# #.........## # #.#
##.##F####.#.#.#.#.#. # #.#
#...y###<#........... # #.#
#.##.# #.#.#.#.#.#..#
#############.##y# #!.....)......
..............##@###............#
..............##..............#.#
..............#########.#.....#..
############### ##.......#.. #
#.# #.....#####. # #.# ##.#### #.
# #.# #.'_# #. # #.# ##### #. #
#.# #.


You could see a bullfrog and 4 killer bees.

Vanquished Creatures
  Pikel (D:5)
  Grinder (D:5)
  Menkaure (D:6)
  A phantom (D:3)
  2 sky beasts
  2 ogres (D:5)
  A centaur (D:6)
  A lemure (D:4)
  A bullfrog (D:6)
  Blork the orc (D:5)
  2 scorpions
  A killer bee (D:6)
  A hound (D:4)
  3 orc priests
  4 orc wizards
  2 worker ants
  A hound skeleton (D:5)
  2 hound zombies (D:6)
  7 gnolls (D:4)
  11 adders
  A shadow imp (D:6)
  2 oozes
  3 adder skeletons (D:4)
  5 worms
  2 dart slugs (D:2)
  7 leopard geckos
  12 orcs
  11 bats
  4 giant cockroaches
  14 goblins
  10 hobgoblins
  8 jackals
  5 ball pythons
  12 frilled lizards
  9 kobolds
  A leopard gecko skeleton (D:4)
  4 rats
156 creatures vanquished.

Vanquished Creatures (collateral kills)
  6 foxfires (D:3)
6 creatures vanquished.

Vanquished Creatures (others)
  533 foxfires
  7 plants (D:3)
540 creatures vanquished.

Grand Total: 702 creatures vanquished

Notes
Turn   | Place    | Note
-------+----------+-------------------------------------------
     0 | D:1      | ubername the Barachi Fire Elementalist began the quest for
                  | the Orb.
     0 | D:1      | Reached XP level 1. HP: 13/13 MP: 3/3
   300 | D:1      | Reached XP level 2. HP: 17/19 MP: 1/5
   665 | D:1      | Reached XP level 3. HP: 24/24 MP: 0/6
  1801 | D:2      | Reached XP level 4. HP: 25/30 MP: 6/8
  1846 | D:2      | Learned a level 4 spell: Sticky Flame
  1925 | D:2      | Gained mutation: Your spells are a little harder to cast,
                  | but a little more powerful. [potion of mutation]
  1925 | D:2      | Gained mutation: You are partially covered in molten
                  | scales. (AC +2) [potion of mutation]
  1925 | D:2      | Gained mutation: You have an increased reservoir of magic.
                  | (+10% MP) [potion of mutation]
  1926 | D:2      | Reached skill level 1 in Short Blades
  1926 | D:2      | Reached skill level 1 in Axes
  1926 | D:2      | Reached skill level 1 in Maces & Flails
  1926 | D:2      | Reached skill level 1 in Polearms
  1926 | D:2      | Reached skill level 1 in Staves
  1926 | D:2      | Reached skill level 1 in Slings
  1926 | D:2      | Reached skill level 1 in Bows
  1926 | D:2      | Reached skill level 1 in Shields
  1926 | D:2      | Reached skill level 1 in Unarmed Combat
  1926 | D:2      | Reached skill level 1 in Hexes
  1926 | D:2      | Reached skill level 1 in Necromancy
  1926 | D:2      | Reached skill level 1 in Translocations
  1926 | D:2      | Reached skill level 1 in Transmutations
  1926 | D:2      | Reached skill level 1 in Air Magic
  1926 | D:2      | Reached skill level 1 in Earth Magic
  1926 | D:2      | Reached skill level 1 in Poison Magic
  1926 | D:2      | Reached skill level 1 in Invocations
  1926 | D:2      | Reached skill level 1 in Evocations
  1926 | D:2      | Reached XP level 5. HP: 4/38 MP: 0/12
  1938 | D:2      | HP: 1/38 [poisoned by an adder]
  3926 | D:3      | Reached XP level 6. HP: 44/44 MP: 5/13
  4931 | D:3      | Noticed a phantom
  4945 | D:3      | Killed a phantom
  5217 | D:4      | Reached skill level 5 in Fire Magic
  5217 | D:4      | Reached XP level 7. HP: 37/50 MP: 7/15
  6357 | D:4      | Noticed a small abomination
  6358 | D:4      | Found a transporter.
  6363 | D:4      | Noticed a small abomination
  6413 | D:4      | Found a transporter.
  6432 | D:4      | Found a one-way gate to the infinite horrors of the Abyss.
  6806 | D:5      | Entered Level 5 of the Dungeon
  6806 | D:5      | Noticed Grinder
  6864 | D:5      | Noticed Blork the orc
  6871 | D:5      | Killed Blork the orc
  6872 | D:5      | Reached skill level 5 in Spellcasting
  6892 | D:5      | Reached XP level 8. HP: 53/56 MP: 6/17
  7050 | D:5      | Paralysed by Grinder for 6 turns
  7052 | D:5      | Killed Grinder
  7053 | D:5      | Reached skill level 5 in Conjurations
  7250 | D:5      | Found a staircase to the Ecumenical Temple.
  7262 | Temple   | Entered the Ecumenical Temple
  7269 | Temple   | Became a worshipper of Vehumet
  7387 | D:5      | Noticed Pikel
  7445 | D:4      | Noticed SBUDELSKY's ghost (amateur HuFi)
  7737 | D:5      | Killed Pikel
  7738 | D:5      | Reached XP level 9. HP: 15/61 MP: 11/20
  8003 | D:6      | Found an iron altar of Okawaru.
  8730 | D:6      | Learned a level 5 spell: Fireball
  8898 | D:6      | Noticed Menkaure
  8983 | D:6      | Killed Menkaure
  9344 | D:6      | Found Moxzedd Hasch's Assorted Antiques.
  9353 | D:6      | Bought a brass wand for 84 gold pieces
  9854 | D:6      | Killed themself with a badly aimed fireball

Illustrated notes

Levels and vault maps discovered:
D:1:      dpeg_arrival_rhombi, layout_loops_ring
D:2:      layout_loops_cross, grunt_decor_resistance
D:3:      layout_basic, serial_bayou, serial_bayou_pond_e, serial_bayou_shore_b,
          serial_bayou_pond_e, serial_bayou_pond_e, eino_curves_01,
          minmay_lizard_king
D:4:      layout_basic, gammafunk_ghost_abyssal_escape
D:5:      layout_loops_ring, temple_fountains, uniq_grinder, uniq_pikel,
          uniq_blork_the_orc
D:6:      layout_basic, kennysheep_mini, serial_co_window_serial,
          co_window_paths_a, co_window_of_opportunity_a, co_window_paths_b,
          co_window_corner_a, co_window_corner_a, co_window_corner_a,
          co_window_2corner, co_window_broadway_a, co_window_cross_4,
          co_window_broadway_b, co_window_paths_e, glass_columns_c,
          glass_columns_b, glass_columns_a, glass_columns_c, glass_columns_c,
          serial_shops, nicolae_shop_stone, uniq_menkaure
D:7:      layout_cave_pools, serial_shops, shop, shop_fountains, shop,
          kennysheep_mini_moat, shop, enter_bailey_2, nicolae_benzene_ring,
          minivault_19, hangedman_glass_teeth, chequers_serial_rivers_micro_c,
          minmay_misc_feat_enclosed, kennysheep_small_spiral,
          chequers_serial_rivers_small_b, grunt_ministairs_13
Temple:   compressed_dpeg_triangle_lava_temple

Skill      XL: |  1  2  3  4  5  6  7  8 |
---------------+-------------------------+-----
Fire Magic     | 4 5 6 |  6.5
Stealth        | 2 3 |  3.0
Conjurations   | 2 3 4 5 |  5.7
Fighting       | 2 |  2.3
Short Blades   | 1 |  1.7
Long Blades    | 2 |  2.0
Axes           | 1 |  1.7
Maces & Flails | 1 2 |  2.1
Polearms       | 1 |  1.5
Staves         | 1 |  1.7
Slings         | 1 |  1.5
Bows           | 1 |  1.5
Crossbows      | 2 |  2.3
Throwing       | 2 |  2.2
Armour         | 2 |  2.5
Dodging        | 3 |  3.4
Shields        | 1 |  1.7
Unarmed Combat | 1 |  1.7
Spellcasting   | 4 5 6 |  6.8
Hexes          | 1 |  1.7
Summonings     | 2 |  2.2
Necromancy     | 1 |  1.3
Translocations | 1 |  1.7
Transmutations | 1 |  1.7
Ice Magic      | 2 |  2.0
Air Magic      | 1 |  1.7
Earth Magic    | 1 |  1.5
Poison Magic   | 1 |  1.7
Invocations    | 1 |  1.3
Evocations     | 1 |  1.7

Action                   |  1- 3 |  4- 6 |  7- 9 || total
-------------------------+-------+-------+-------++-------
Melee: Whip              |    17 |    39 |    29 ||    85
Throw: Dart              |       |       |     8 ||     8
 Cast: Foxfire           |    92 |   143 |   139 ||   374
       Sticky Flame      |       |     4 |     8 ||    12
       Fireball          |       |       |     1 ||     1
 Abil: Hop               |       |       |     2 ||     2
  Use: Scroll            |     1 |     7 |     7 ||    15
       Potion            |       |     6 |       ||     6
 Stab: Sleeping          |       |     2 |       ||     2
Armor: Robe              |     9 |    15 |    30 ||    54
Dodge: Dodged            |    22 |    53 |    74 ||   149
